 Dungeon Crawl Stone Soup version 0.28.0 (webtiles) character file.

Game seed: 2462486530938136685

490 zeram the Covered (level 7, -9/44 HPs)
             Began as a Gargoyle Fighter on Feb 9, 2022.
             Mangled by an ogre (20 damage)
             ... on level 5 of the Dungeon.
             The game lasted 00:07:17 (5015 turns).

zeram the Covered (Gargoyle Fighter)                Turns: 5015, Time: 00:07:17

Health: -9/44      AC: 19    Str: 22    XL:     7   Next: 14%
Magic:  7/7        EV:  9    Int:  8    God:
Gold:   146        SH:  4    Dex:  9    Spells: 6/6 levels left

rFire   . . .      SeeInvis +   a - +0 flail (protect)
rCold   . . .      Faith    .   c - +0 buckler
rNeg    + . .      Spirit   .   b - +0 scale mail
rPois   ∞          Reflect  .   (no helmet)
rElec   +          Harm     .   e - scarf {+Inv}
rCorr   .          Rampage  .   (no gloves)
Will    .....                   (no boots)
Stlth   ..........              (no amulet)
HPRegen 0.14/turn               h - ring of see invisible
MPRegen 0.10/turn               (no ring)

@: under a protective aura
A: sickness immunity, AC +4, negative energy resistance 1, electricity
resistance, torment resistance 1, petrification resistance
a: Evoke Invisibility


You were on level 5 of the Dungeon.
You visited 1 branch of the dungeon, and saw 5 of its levels.

You collected 176 gold pieces.
You spent 30 gold pieces at shops.

Inventory:

Hand Weapons
 a - a +0 flail of protection (weapon)
Armour
 b - a +0 scale mail (worn)
 c - a +0 buckler (worn)
 e - a scarf of invisibility (worn)
Jewellery
 h - a ring of see invisible (left hand)
 o - a +6 ring of strength
Wands
 m - a wand of charming (11)
Scrolls
 q - 2 scrolls of fear
 r - a scroll of vulnerability
Potions
 d - a potion of might
 g - 4 potions of haste
 j - 2 potions of brilliance
 k - a potion of invisibility
 l - a potion of curing
 n - a potion of lignification
 p - a potion of berserk rage


   Skills:
 + Level 4.5 Fighting
 + Level 4.8 Maces & Flails
 + Level 5.0 Armour
 + Level 1.4 Dodging
 + Level 4.3 Shields


You had 6 spell levels left.
You didn't know any spells.
Your spell library contained the following spells:

 Spells                   Type           Power      Damage    Failure   Level
 Magic Dart               Conj           0%         1d3       80%         1
 Searing Ray              Conj           0%         2d4       91%         2
 Fulminant Prism          Conj/Hex       0%         3d6       100%        4


Dungeon Overview and Level Annotations

Branches:
Dungeon (5/15)
 Temple: D:4-7

Altars:
Nemelex Xobeh
Okawaru
Zin

Shops:
D:2 [(!*:


Innate Abilities, Weirdness & Mutations

You are immune to sickness and miasma.
Your stone body is resilient. (AC +4)
You are immune to poison.
You resist negative energy. (rN+)
You are resistant to electric shocks. (rElec)
You are resistant to unholy torment.
You are immune to petrification.


Message History

You hit the scorpion.
The scorpion is heavily wounded.
The scorpion stings you but does no damage.
The scorpion closely misses you. You block the ogre's attack.
You hit the scorpion.
The scorpion is severely wounded.
The scorpion stings you but does no damage.
The ogre closely misses you.
You closely miss the scorpion.
The scorpion is severely wounded.
The scorpion stings you.
The scorpion stings you but does no damage.
The ogre hits you but does no damage.
You barely miss the scorpion.
The scorpion is severely wounded.
You block the scorpion's attack.
You closely miss the scorpion.
The scorpion is severely wounded.
The ogre hits you with a +0 giant club! The scorpion closely misses you.
The scorpion stings you but does no damage.
You are too injured to fight recklessly!
You are too injured to fight recklessly!
You barely miss the scorpion.
The scorpion is severely wounded.
The ogre closely misses you. The scorpion stings you.
You sock the scorpion!
Your weapon exudes an aura of protection.
You kill the scorpion!
The ogre closely misses you.
Your Armour skill increases to level 5!
You see here a scorpion corpse.
Found a stone staircase leading up.
You sock the ogre!
The ogre is moderately wounded.
The ogre hits you with a +0 giant club.
* * * LOW HITPOINT WARNING * * *
You barely miss the ogre.
The ogre is moderately wounded.
The ogre hits you with a +0 giant club!!
You die...

..#......##......
...............?..
..................<
....................
?...................
....................
..(.................
...........O@.........>...#
..>.......................###
....................#.......#
###.................#.......
######....................
#.#..................
#........(...........
##...................
###........#........


You could see an ogre.

Vanquished Creatures
  A black bear (D:4)
  2 scorpions (D:5)
  A hound (D:4)
  3 iguanas
  4 gnolls
  5 adders
  An adder skeleton (D:4)
  2 worms (D:2)
  4 dart slugs
  7 bats
  7 endoplasms
  4 giant cockroaches
  8 goblins
  4 hobgoblins
  9 kobolds
  7 quokkas
  5 ball pythons
  4 frilled lizards
  7 rats
85 creatures vanquished.

Vanquished Creatures (others)
  2 plants (D:3)
2 creatures vanquished.

Grand Total: 87 creatures vanquished

Notes
Turn   | Place    | Note
-------+----------+-------------------------------------------
     0 | D:1      | zeram the Gargoyle Fighter began the quest for the Orb.
     0 | D:1      | Reached XP level 1. HP: 14/14 MP: 1/1
   122 | D:1      | Reached XP level 2. HP: 16/19 MP: 2/2
   236 | D:1      | Found a faded altar of an unknown god.
   546 | D:1      | Reached XP level 3. HP: 24/24 MP: 3/3
  1350 | D:2      | Found Ycedd's Armour Emporium.
  1380 | D:2      | HP: 1/24 [worm (8)]
  1734 | D:2      | Found Hixeygepu's Assorted Antiques.
  1743 | D:2      | Reached XP level 4. HP: 27/29 MP: 4/4
  1769 | D:2      | Found Abon's Distillery.
  1785 | D:2      | Identified the +1 spear "Atryf" {speed, *Corrode rC+
                  | Stlth+}
  1894 | D:2      | Bought a potion of curing for 30 gold pieces
  1894 | D:2      | Found Piasacer's Weapon Boutique.
  2104 | D:2      | Found Firapej's Book Shoppe.
  2829 | D:2      | Reached XP level 5. HP: 18/33 MP: 5/5
  3138 | D:3      | Reached skill level 4 in Armour
  3246 | D:3      | Found a glowing silver altar of Zin.
  4062 | D:4      | Reached skill level 1 in Dodging
  4289 | D:4      | Reached XP level 6. HP: 38/38 MP: 6/6
  4423 | D:4      | Found a sparkling altar of Nemelex Xobeh.
  4565 | D:4      | Found an iron altar of Okawaru.
  4617 | D:4      | Noticed a black bear
  4627 | D:4      | Killed a black bear
  4896 | D:5      | Entered Level 5 of the Dungeon
  4934 | D:5      | Reached XP level 7. HP: 33/44 MP: 7/7
  5012 | D:5      | Reached skill level 5 in Armour
  5015 | D:5      | Mangled by an ogre

Illustrated notes

Levels and vault maps discovered:
D:1:      lightli_molten_gateway, layout_loops_ring,
          shapermc_ecumenical_altar_starsandcircs,
          hangedman_decor_diamond_cutter
D:2:      kb_forest_paths, layout_rooms, serial_shops,
          nicolae_shop_hallway_stairs, nicolae_shop_advertising_works
          [nicolae_subvault_shop_adworks], shop,
          nicolae_shop_bloodbath_and_beyond, nicolae_diamond_shop
D:3:      layout_basic, lemuel_doored_altar, chequers_big_river
D:4:      black_bear_nest_1, layout_loops_ring,
          nemelex_xobeh_ov_fountains_minmay,
          mainiacjoe_overflow_six_doors_small, nicolae_overflow_hidden_temple,
          st_stairs_13, minivault_11
D:5:      layout_rooms, minmay_temple_entry_nine_rooms, moated_statue

Skill      XL: |  1  2  3  4  5  6  7 |
---------------+----------------------+-----
Fighting       | 4 |  4.5
Maces & Flails | 3 4 |  4.8
Armour         | 4 5 |  5.0
Shields        | 4 |  4.3
Dodging        | 1 |  1.4

Action                   |  1- 3 |  4- 6 |  7- 9 || total
-------------------------+-------+-------+-------++-------
Melee: Flail             |   126 |   190 |    15 ||   331
  Use: Scroll            |     1 |     8 |       ||     9
Armor: Scale mail        |    75 |   123 |     9 ||   207
Dodge: Dodged            |    62 |    93 |     8 ||   163
Block: Buckler           |    39 |    42 |     3 ||    84
